 Dungeon Crawl Stone Soup version 0.24-a0-616-ge2a249a (webtiles) character file.

Game seed: 100749989938026381, levelgen mode: deterministic

179 BoppinsLewinski the Chopper (level 5, 0/63 HPs)
             Began as a Barachi Berserker on Sept 15, 2019.
             Was a Believer of Trog.
             Slain by Natasha (9 damage)
             ... on level 3 of the Dungeon.
             The game lasted 00:06:39 (2954 turns).

BoppinsLewinski the Chopper (Barachi Berserker)     Turns: 2954, Time: 00:06:39

Health: 0/63       AC:  3    Str: 25    XL:     5   Next: 59%
Magic:  5/5        EV: 12    Int:  7    God:    Trog [**....]
Gold:   89         SH:  0    Dex: 11    Spells: 4/4 levels left

rFire    . . .     SeeInvis .   a - +0 hand axe
rCold    . . .     Gourm    .   (no shield)
rNeg     . . .     Faith    .   k - +0 leather armour
rPois    .         Spirit   .   (no helmet)
rElec    .         Reflect  .   (no cloak)
rCorr    .         Harm     .   (no gloves)
MR       ++...                  (no boots)
Stlth    ..........             (no amulet)
HPRegen  1.20/turn              (no ring)
MPRegen  0.09/turn              (no ring)

@: berserking, regenerating, quick
A: +LOS, swims, slowness 1, strong legs 1
a: Hop, Berserk, Trog's Hand, Renounce Religion


You were on level 3 of the Dungeon.
You worshipped Trog.
Trog was pleased with you.
You were near starving.

You visited 1 branch of the dungeon, and saw 3 of its levels.

You collected 89 gold pieces.

Inventory:

Hand Weapons
 a - a +0 hand axe (weapon)
Armour
 b - a +0 animal skin
 k - a +0 leather armour (worn)
Jewellery
 l - an uncursed amulet of the gourmand {unknown}
 q - a +4 amulet of reflection {unknown}
Scrolls
 e - a scroll of magic mapping {unknown}
 f - a scroll of immolation {unknown}
 g - a scroll of random uselessness {unknown}
 h - 4 scrolls of identify {unknown}
 i - a scroll of enchant weapon {unknown}
 j - 2 scrolls of amnesia {unknown}
 m - a scroll of teleportation {unknown}
 r - a scroll of enchant armour {unknown}
Potions
 d - a potion of curing {unknown}
 n - a potion of lignification {unknown}
 o - a potion of might {unknown}
 p - a potion of flight {unknown}
Comestibles
 c - a ration


   Skills:
 - Level 4.0 Fighting
 * Level 6.4 Axes
 - Level 2.4 Armour
 - Level 2.2 Dodging


You had 4 spell levels left.
You didn't know any spells.
Your spell library was empty.

Dungeon Overview and Level Annotations

Branches:
Dungeon (3/15)

Altars:
Ru
Uskayaw
Xom
The Shining One

Annotations:
D:3 Natasha


Innate Abilities, Weirdness & Mutations

Shadows flee at your approach. (+LOS)
You can swim through water.
You cover ground slowly.
You can hop short distances.


Message History

* * * LOW HITPOINT WARNIN'
* * * Unknown command.
Ye slash Natasha!
Natasha be severely wounded.
Ye slash tha crimson imp!
Natasha claws ye.
* * * LOW HITPOINT WARNIN'
* * * Unknown command.
Ye closely miss Natasha.
Natasha be severely wounded.
Ye hit tha crimson imp.
Ye kill tha crimson imp!
Ye feel tha effects o' Trog's Hand fadin'.
Natasha claws ye.
* * * LOW HITPOINT WARNIN'
* * * Ye hit Natasha.
Natasha be almost dead.
Ye slash tha shadow imp!
Ye kill tha shadow imp!
Natasha claws ye!
Ye die...

## #......#.......
.. ....####......#
##. #.### #.#####.
... ####.# ##)## .
... ..##.# #...# .
#.##.##)# #...# .
####!......# #...#
#.....h.## #...#
#.@)# #...#
##.#.#######...#####
#....(..............
#..............)....
#.##.#..(...........
#.#..##.####...#####
#.#.###)# #...# #.#.
#.# #...# # .. ..#
#...#


You could see Natasha.

Vanquished Creatures
  A bullfrog skeleton (D:2)
  An orc wizard (D:2)
  3 gnolls
  3 adders
  A worm (D:2)
  2 dart slugs
  3 leopard geckos
  A giant cockroach (D:2)
  4 goblins
  4 hobgoblins
  8 jackals
  10 bats
  3 frilled lizards
  9 kobolds
  16 rats
69 creatures vanquished.

Notes
Turn   | Place    | Note
-------+----------+-------------------------------------------
     0 | D:1      | BoppinsLewinski the Barachi Berserker began the quest for
                  | the Orb.
     0 | D:1      | Reached XP level 1. HP: 18/18 MP: 1/1
    62 | D:1      | Reached XP level 2. HP: 25/25 MP: 2/2
   216 | D:1      | Reached skill level 4 in Axes
   537 | D:2      | Found a hide-covered altar of Uskayaw.
   555 | D:2      | Reached XP level 3. HP: 23/30 MP: 3/3
  1025 | D:2      | Reached ** piety under Trog
  1025 | D:2      | Reached XP level 4. HP: 20/37 MP: 4/4
  1406 | D:2      | Reached skill level 5 in Axes
  2173 | D:2      | Reached XP level 5. HP: 35/42 MP: 5/5
  2375 | D:2      | Found a shimmering altar of Xom.
  2483 | D:2      | Reached skill level 6 in Axes
  2643 | D:2      | Found a sacrificial altar of Ru.
  2833 | D:3      | Found a glowing golden altar of the Shining One.
  2941 | D:3      | Noticed Natasha
  2954 | D:3      | Slain by Natasha

Levels and vault maps discovered:
D:1:      dpeg_arrival_tiny_c, layout_basic
D:2:      layout_loops_ring, tgw_xom, nicolae_overflow_crystal_walls,
          nicolae_ru_great_annihilating_truth
D:3:      layout_loops_cross, tso_metal_star, uniq_natasha, uniq_robin

Skill      XL: |  1  2  3  4  5 |
---------------+----------------+-----
Fighting       | 4 |  4.0
Axes           | 4 5 6 |  6.4
Armour         | |  2.4
Dodging        | |  2.2

Action                   |  1- 3 |  4- 6 || total
-------------------------+-------+-------++-------
Melee: Hand axe          |    65 |   159 ||   224
Invok: Berserk           |     3 |     3 ||     6
       Trog's Hand       |       |     1 ||     1
 Abil: Hop               |     1 |       ||     1
 Stab: Sleeping          |     2 |       ||     2
       Distracted        |       |     1 ||     1
       Paralysed         |       |     1 ||     1
  Eat: Chunk             |     1 |     4 ||     5
       Ration            |     1 |     1 ||     2
Armor: Animal skin       |    15 |    10 ||    25
       Leather armour    |       |    35 ||    35
Dodge: Dodged            |    55 |   104 ||   159

Table legend:
 A = Non-vault XP
 B = Vault XP
 C = Vault XP percentage of total XP
 D = Non-vault monster count
 E = Vault monster count
 F = Vault count percentage of total count
                 A         B        C        D         E       F
            +---------+---------+-------+---------+---------+-------
      Total |     206 |      51 |  19.8 |      59 |      10 |  14.5
            +---------+---------+-------+---------+---------+-------
        D:1 |      46 |       0 |   0.0 |      20 |       0 |   0.0
        D:2 |     134 |      51 |  27.6 |      31 |      10 |  24.4
        D:3 |      26 |       0 |   0.0 |       8 |       0 |   0.0
            +---------+---------+-------+---------+---------+-------
